 Seeded DCSS version 0.29.0-7-g18a832c13a (webtiles) character file.

Game seed: 1 (custom seed)

7 Kazon the Trooper (level 2, -2/20 HPs)
             Began as a Gargoyle Fighter on Aug 31, 2022.
             Frozen to death by an endoplasm (4 damage)
             ... on level 1 of the Dungeon.
             The game lasted 00:01:37 (292 turns).

Kazon the Trooper (Gargoyle Fighter)                 Turns: 292, Time: 00:01:38

Health: -2/20      AC:  9    Str: 19    XL:     2   Next: 4%
Magic:  2/2        EV: 24    Int:  8    God:
Gold:   70         SH:  4    Dex:  9    Spells: 1/1 levels left

rFire   . . .      SeeInvis .   (no weapon)
rCold   . . .      Faith    .   c - +0 buckler
rNeg    + . .      Spirit   .   b - +0 scale mail
rPois   ∞          Reflect  .   (no helmet)
rElec   +          Harm     .   (no cloak)
rCorr   .          Rampage  .   (no gloves)
Will    .....                   (no boots)
Stlth   ..........              e - amulet of the acrobat
HPRegen 0.06/turn               (no ring)
MPRegen 0.08/turn               (no ring)

@: acrobatic, studying Fighting
A: sickness immunity, AC +2, negative energy resistance 1, electricity
resistance, torment resistance 1, petrification resistance
a: no special abilities


You were on level 1 of the Dungeon.
You visited 1 branch of the dungeon, and saw 1 of its levels.

You collected 70 gold pieces.

Inventory:

Armour
 b - a +0 scale mail (worn)
 c - a +0 buckler (worn)
Jewellery
 e - an amulet of the acrobat (around neck)
Potions
 d - a potion of might
 f - a potion of haste {unknown}
 g - a potion of flight {unknown}


   Skills:
 + Level 3.8 Fighting
 + Level 1.7 Long Blades
 + Level 3.5 Armour
 + Level 3.4 Shields


You had one spell level left.
You didn't know any spells.
Your spell library was empty.

Dungeon Overview and Level Annotations

Branches:
Dungeon (1/15)

Altars:


Innate Abilities, Weirdness & Mutations

You are immune to sickness and miasma.
Your stone body is resilient. (AC +2)
You are immune to poison.
You resist negative energy. (rN+)
You are resistant to electric shocks. (rElec)
You are resistant to unholy torment.
You are immune to petrification.


Message History

The endoplasm is heavily wounded.
The goblin closely misses you. You block the endoplasm's attack.
You hit the endoplasm but do no damage.
The endoplasm is heavily wounded.
The endoplasm barely misses you. The goblin hits you but does no damage.
You closely miss the goblin. The goblin barely misses you.
The endoplasm freezes you.
You are frozen.
* * * LOW HITPOINT WARNING * * *
The goblin hits you but does no damage. The endoplasm completely misses you.
You slash the goblin!
You kill the goblin!
The endoplasm barely misses you.
You have reached level 2!
The endoplasm freezes you.
You are frozen.
* * * LOW HITPOINT WARNING * * *
Things that are here:
a +0 club; a goblin corpse The endoplasm hits you but does no damage.
The endoplasm attacks as you move away! You block the endoplasm's attack.
The endoplasm attacks as you move away! The endoplasm completely misses you.
The endoplasm attacks as you move away! You block the endoplasm's attack.
The endoplasm freezes you.
You are frozen.
* * * LOW HITPOINT WARNING * * *
The endoplasm hits you but does no damage.
The endoplasm completely misses you.
You are now empty-handed.
You drop a +0 long sword.
The endoplasm closely misses you. The endoplasm freezes you.
You are frozen.
* * * LOW HITPOINT WARNING * * *
You hit the endoplasm.
The endoplasm is severely wounded.
The endoplasm hits you but does no damage.
The endoplasm misses you. The endoplasm freezes you.
You are frozen.
You die...

. .## .. ... #.#. #.#
... #.# .+# ..#+##.#
.... #...#.# .....
+...#@# .....##...#J#
.................#
............).########
.....................#
.....................#
...# #######.........#
...# #........######
...# #........#


You could see an endoplasm.

Vanquished Creatures
  An endoplasm (D:1)
  3 goblins (D:1)
  A kobold (D:1)
  A bat (D:1)
6 creatures vanquished.

Notes
Turn   | Place    | Note
-------+----------+-------------------------------------------
     0 | D:1      | Kazon the Gargoyle Fighter began the quest for the Orb.
     0 | D:1      | Reached XP level 1. HP: 14/14 MP: 1/1
    33 | D:1      | Identified a scroll of acquirement
    33 | D:1      | Acquired a manual of Fighting
   266 | D:1      | Reached XP level 2. HP: 5/20 MP: 2/2
   285 | D:1      | HP: 1/20 [frozen (2)]
   292 | D:1      | Frozen to death by an endoplasm

Illustrated notes

Levels and vault maps discovered:
D:1:      dpeg_arrival_three_smaller_balls, layout_basic

Action                   || total
-------------------------++-------
Melee: Long sword        ||    21
       Unarmed           ||     1
  Use: Scroll            ||     1
Armor: Scale mail        ||    21
Dodge: Dodged            ||    24
Block: Buckler           ||    11
